 Dungeon Sprint DCSS version 0.24.0-37-gcf1ca852f1 (webtiles) character file.

Game seed: 17396950992390701394, levelgen mode: deterministic

221 theswoord the Cleaver (level 5, -1/49 HPs)
             Began as a Demonspawn Monk on Nov 26, 2019.
             Was an Elder of Kikubaaqudgha.
             Slain by a merfolk
             ... wielding a +4 spear of venom
              (14 damage)
             ... in the Dungeon (Sprint V: "Ziggurat Sprint").
             The game lasted 00:02:03 (443 turns).

theswoord the Cleaver (Demonspawn Monk)              Turns: 443, Time: 00:02:04

Health: -1/49      AC: 19    Str: 18    XL:     5   Next: 65%
Magic:  5/5        EV:  2    Int: 12    God:    Kikubaaqudgha [****..]
Gold:   0          SH:  0    Dex: 21    Spells: 4/4 levels left

rFire    . . .     SeeInvis .   z - +9 executioner's axe
rCold    . . .     Gourm    .   (shield currently unavailable)
rNeg     . . .     Faith    .   y - +5 crystal plate armour
rPois    .         Spirit   .   (no helmet)
rElec    .         Reflect  .   (no cloak)
rCorr    .         Harm     .   (no gloves)
MR       .....     NoTele   +   (no boots)
Stlth    ..........             (no amulet)
HPRegen  0.16/turn              A - +6 ring of dexterity
MPRegen  0.09/turn              B - +6 ring of strength

@: lethally poisoned (-1 -> -8)
A: talons 1, demonic guardian 1, spiny 1
a: Receive Corpses, Renounce Religion


You were in the Dungeon.
You worshipped Kikubaaqudgha.
Kikubaaqudgha was greatly pleased with you.
You were not hungry.

You visited 1 branch

Inventory:

Hand Weapons
 a - a +0 hand axe
 z - a +9 executioner's axe (weapon)
Armour
 b - a +0 robe
 y - a +5 crystal plate armour (worn)
Jewellery
 m - the ring "Wacharru" {rN+ Str+2 Dex+2 SInv}
   (You found it in the Dungeon)

   [ring of see invisible]

   It affects your strength (+2).
   It affects your dexterity (+2).
   It protects you from negative energy.
   It lets you see invisible.
 A - a +6 ring of dexterity (left hand)
 B - a +6 ring of strength (right hand)
Wands
 v - a wand of disintegration (7)
 w - a wand of iceblast (7)
 x - a wand of acid (7)
Scrolls
 i - 4 scrolls of blinking
 p - 4 scrolls of amnesia
 q - 7 scrolls of fog
 r - a scroll of holy word
 s - 5 scrolls of identify
 t - 5 scrolls of remove curse
 u - 2 scrolls of fear
Potions
 d - 10 potions of curing
 e - 10 potions of heal wounds
 f - 6 potions of haste
 g - 7 potions of magic
 h - 3 potions of berserk rage
 j - 2 potions of brilliance
 k - 2 potions of invisibility
 l - 4 potions of resistance
 n - 5 potions of agility
 o - 5 potions of might
Comestibles
 c - 7 rations


   Skills:
 + Level 7.7 Fighting
 + Level 9.8 Axes
 - Level 2.6 Dodging
 - Level 1.7 Stealth


You had 4 spell levels left.
You didn't know any spells.
Your spell library contained the following spells:

 Spells                   Type           Power        Failure   Level  Hunger
 Pain                     Necr           #...         100%        1    ##.....
 Corpse Rot               Necr           N/A          100%        2    ###....
 Sublimation of Blood     Necr           #.........   100%        2    ###....
 Regeneration             Chrm/Necr      #.........   100%        3    ####...
 Animate Dead             Necr           N/A          100%        4    #####..
 Bolt of Draining         Conj/Necr      #.........   100%        5    ######.
 Dispel Undead            Necr           #.......     100%        5    ######.
 Excruciating Wounds      Chrm/Necr      #.........   100%        5    ######.
 Death Channel            Necr           #.........   100%        6    #######


Dungeon Overview and Level Annotations

Branches:
Dungeon (1/1)

Altars:
Ashenzari
Cheibriados
Dithmenos
Elyvilon
Fedhas
Gozag
Hepliaklqana
Kikubaaqudgha
Makhleb
Nemelex Xobeh
Okawaru
Qazlal
Ru
Sif Muna
Trog
Uskayaw
Vehumet
Wu Jian
Xom
Yredelemnul
Zin
The Shining One
Beogh
Jiyva
Lugonu

Annotations:
D 1 transporter


Innate Abilities, Weirdness & Mutations

You have sharp toenails.
A weak demonic guardian rushes to your aid.
You are partially covered in sharp spines.


Message History

The merfolk hits your iron imp with a +0 trident!!
Your iron imp dies!
You shred the net and break free!
The merfolk hits you from afar with a +4 spear of venom!
You are poisoned.
The merfolk hits you but does no damage.
The merfolk hits you from afar with a +0 trident.
Unknown command.
You feel sick. The merfolk barely misses you.
The merfolk hits you from afar with a +0 trident.
* * * LOW HITPOINT WARNING * * *
The merfolk completely misses you. The merfolk hits you with a +0 trident.
* * * LOW HITPOINT WARNING * * *
Your crystal plate armour prevents you from hitting the merfolk.
You claw the merfolk.
The merfolk is moderately wounded.
You slash the merfolk! You hit the merfolk.
You feel sick.
The merfolk hits you with a +4 spear of venom!
You die...
Kikubaaqudgha rasps: "You have failed me!
Welcome... death!"

▓.....▓.....▓..©..▓
▓..©..▓..©..▓▓▓▓▓▓▓
▓▓▓▓▓▓▓▓▓▓▓▓▓▓
▓..8©8...▓
▓..")|...▓
▓...|....▓
▓........▓
▓..mmmm..▓
▓.▓.@..▓.▓
▓...©....▓
▓▓▓▓▓▓▓▓▓▓


You could see 4 merfolk.

Vanquished Creatures
  A wight (D)
  An adder (D)
  A white imp (D)
  2 ball pythons (D)
  A bat skeleton (D)
6 creatures vanquished.

Vanquished Creatures (collateral kills)
  A water moccasin (D)
  A wight (D)
  A quasit (D)
3 creatures vanquished.

Grand Total: 9 creatures vanquished

Notes
Turn   | Place    | Note
-------+----------+-------------------------------------------
     0 | D        | theswoord the Demonspawn Monk began the quest for the Orb.
     0 | D        | Reached XP level 1. HP: 18/18 MP: 1/1
     0 | D        | Found a shimmering blue altar of Sif Muna.
     0 | D        | Found a sacrificial altar of Ru.
     0 | D        | Found a bloodstained altar of Trog.
     0 | D        | Found a stormy altar of Qazlal.
     0 | D        | Found an iron altar of Okawaru.
     0 | D        | Found a sparkling altar of Nemelex Xobeh.
     0 | D        | Found a blossoming altar of Fedhas.
     1 | D        | Found the +6 Majin-Bo {vamp, Archmagi MP+6 Int+6}
     1 | D        | Found the +7 great mace "Firestarter" {inner flame, rF++}
     2 | D        | Found a transporter.
     2 | D        | Found an ancient bone altar of Kikubaaqudgha.
     2 | D        | Found a viscous altar of Jiyva.
     2 | D        | Found a corrupted altar of Lugonu.
     2 | D        | Found a hazy altar of Hepliaklqana.
     2 | D        | Found a burning altar of Makhleb.
     2 | D        | Found an opulent altar of Gozag.
    35 | D        | Found the +9 heavy crossbow "Sniper" {velocity, Acc+∞ SInv}
    35 | D        | Found the +10 dark maul {crush}
    35 | D        | Found the +15 Maxwell's patent armour {-Cast -Tele rElec
                  | MR+ rCorr}
    35 | D        | Found the +18 shield of the Gong {rElec rN+ MR+ EV-5}
    35 | D        | Found the cursed +14 obsidian axe {chop, +Fly SInv *Curse}
    36 | D        | Found the +6 shillelagh "Devastator" {shatter}
    36 | D        | Found the +11 plutonium sword {*Contam Stlth-}
    36 | D        | Found the +8 lance "Wyrmbane" {slay drac, rPois rF+ rC+
                  | AC+3}
    36 | D        | Found the +9 sword of Zonguldrok {reap}
    36 | D        | Found the cursed +13 scythe of Curses {drain, *Curse}
    36 | D        | Found the +0 sword of Power
    36 | D        | Found the +7 mace of Variability {chain chaos}
    36 | D        | Found the +7 Singing Sword {slice, sonic wave}
    36 | D        | Found the +8 storm bow {elec, penet}
    68 | D        | Reached skill level 7 in Axes
    68 | D        | Gained mutation: A weak demonic guardian rushes to your
                  | aid. [demonic ancestry]
    68 | D        | Reached XP level 2. HP: 24/24 MP: 2/2
    75 | D        | Became a worshipper of Kikubaaqudgha
    75 | D        | Reached * piety under Kikubaaqudgha
    75 | D        | Identified Kikubaaqudgha's Grimoire of Unholy Magic
                  | (Kikubaaqudgha gifted it to you in the Dungeon)
    75 | D        | Received a gift from Kikubaaqudgha
    75 | D        | Reached ** piety under Kikubaaqudgha
    83 | D        | Entered arena 2.
    83 | D        | Found a transporter.
    91 | D        | Gained mutation: You are partially covered in sharp spines.
                  | [demonic ancestry]
    91 | D        | Reached XP level 3. HP: 19/30 MP: 3/3
   203 | D        | Entered arena 3.
   203 | D        | Found a transporter.
   208 | D        | Reached *** piety under Kikubaaqudgha
   208 | D        | Identified Kikubaaqudgha's Catalogue of Dark Magic
                  | (Kikubaaqudgha gifted it to you in the Dungeon)
   208 | D        | Received a gift from Kikubaaqudgha
   208 | D        | Reached skill level 5 in Fighting
   208 | D        | Reached skill level 8 in Axes
   208 | D        | Reached XP level 4. HP: 39/39 MP: 4/4
   217 | D        | Got the ring "Wacharru" {rN+ Str+2 Dex+2 SInv}
   221 | D        | Entered arena 4.
   221 | D        | Noticed a water moccasin
   221 | D        | Found a transporter.
   224 | D        | Killed a water moccasin
   224 | D        | Reached skill level 9 in Axes
   224 | D        | Gained mutation: You have sharp toenails. [demonic
                  | ancestry]
   224 | D        | Reached XP level 5. HP: 45/48 MP: 5/5
   226 | D        | Reached **** piety under Kikubaaqudgha
   436 | D        | Entered arena 5.
   436 | D        | Noticed a merfolk
   436 | D        | Noticed a merfolk
   436 | D        | Noticed a merfolk
   436 | D        | Noticed a merfolk
   436 | D        | Found a transporter.
   443 | D        | Slain by a merfolk

Skill      XL: |  1  2  3  4 |
---------------+-------------+-----
Axes           | 7 8 9 |  9.8
Fighting       | 4 5 7 |  7.7
Dodging        | |  2.6
Stealth        | |  1.7

Action                   |  1- 3 |  4- 6 || total
-------------------------+-------+-------++-------
Melee: Executioner's axe |    11 |     7 ||    18
       Kick              |       |     2 ||     2
  Use: Potion            |     1 |       ||     1
       Scroll            |     4 |       ||     4
Armor: Crystal plate arm |    52 |    14 ||    66
Dodge: Dodged            |     4 |     4 ||     8

Levels and vault maps discovered:
D:        sprint_v [room_start, room_1, room_2, room_3, room_4, room_5, room_6,
          room_7, room_8, room_9, room_10, room_11, room_12, room_13, room_14,
          room_15, room_16, room_17, room_18, room_19, room_20, room_21,
          room_22, room_23, room_24, room_25, room_26, room_27]
